 Dungeon Crawl Stone Soup version 0.29-a0-322-g68df515428 (webtiles) character file.

Game seed: 16476499039484511611

181 HotDog the Chopper (level 5, -3/47 HPs)
             Began as a Hill Orc Fighter on Apr 6, 2022.
             Killed by nerve-wracking pain
             ... invoked by an orc priest
              (14 damage)
             ... on level 4 of the Dungeon.
             The game lasted 00:02:43 (2346 turns).

HotDog the Chopper (Hill Orc Fighter)               Turns: 2346, Time: 00:02:44

Health: -3/47      AC:  9    Str: 21    XL:     5   Next: 61%
Magic:  6/6        EV:  8    Int:  8    God:
Gold:   184        SH:  8    Dex: 10    Spells: 4/4 levels left

rFire   . . .      SeeInvis .   a - +0 war axe
rCold   . . .      Faith    .   o - +0 kite shield
rNeg    . . .      Spirit   .   b - +0 scale mail
rPois   .          Reflect  .   (no helmet)
rElec   .          Harm     .   q - +0 cloak
rCorr   .          Rampage  .   (no gloves)
Will    .....                   h - +0 pair of boots
Stlth   ..........              (no amulet)
HPRegen 0.15/turn               (no ring)
MPRegen 0.10/turn               (no ring)

@: mighty
A: no striking features
a: Convert to Beogh


You were on level 4 of the Dungeon.
You visited 1 branch of the dungeon, and saw 4 of its levels.

You collected 184 gold pieces.

Inventory:

Hand Weapons
 a - a +0 war axe (weapon)
Armour
 b - a +0 scale mail (worn)
 d - a +0 pair of gloves
 h - a +0 pair of boots (worn)
 o - a +0 kite shield (worn)
 q - a +0 cloak (worn)
Scrolls
 c - a scroll of fog {unknown}
 e - a scroll of silence
 f - 3 scrolls of fear {unknown}
 j - a scroll of teleportation
 k - a scroll of immolation {unknown}
 m - a scroll of blinking {unknown}
Potions
 g - a potion of degeneration {unknown}
 i - a potion of attraction {unknown}
 l - 2 potions of heal wounds {unknown}
 n - a potion of haste {unknown}
 p - a potion of curing {unknown}


   Skills:
 * Level 4.4 Fighting
 * Level 4.7 Axes
 * Level 4.1 Armour
 * Level 1.0 Dodging
 * Level 3.9 Shields
 * Level 1.9 Invocations


You had 4 spell levels left.
You didn't know any spells.
Your spell library contained the following spells:

 Spells                   Type           Power      Damage    Failure   Level
 Ensorcelled Hibernation  Hex/Ice        0%         N/A       99%         2
 Gell's Gravitas          Tloc           0%         N/A       100%        3
 Lesser Beckoning         Tloc           0%         N/A       100%        3
 Ozocubu's Armour         Ice            0%         N/A       100%        3
 Spider Form              Tmut/Pois      0%         N/A       100%        3
 Teleport Other           Tloc           0%         N/A       100%        3
 Anguish                  Hex/Necr       0%         N/A       100%        4
 Ozocubu's Refrigeration  Ice            0%         4d5       100%        7


Dungeon Overview and Level Annotations

Branches:
Dungeon (4/15)
 Temple: D:4-7

Altars:


Message History

The orc priest shouts!
The orc completely misses you.
You slice the orc!!
You kill the orc!
The orc barely misses you.
The orc priest shouts, "Beogh is our master!
Accept the truth or die!"
You barely miss the orc priest. You slash the orc!
You kill the orc!
The orc priest hits you but does no damage.
Unknown command.
You slash the orc priest!
The orc priest is severely wounded.
An orc priest comes into view. It is wielding a +0 hand axe.
The orc priest casts a cantrip, but nothing happens.
The orc priest shouts, "Surrender to Beogh and we'll let you live!"
You hit the orc priest.
The orc priest is almost dead.
The orc priest hits you but does no damage.
The orc priest invokes the aid of Beogh against you.
You barely resist.
Unknown command.
You barely miss the orc priest.
The orc priest is almost dead.
The orc priest calls down the wrath of Beogh upon you.
Beogh smites you!
You are too injured to fight recklessly!
Unknown command.
You closely miss the orc priest.
The orc priest is almost dead.
The orc priest hits you but does no damage.
The orc priest calls down the wrath of Beogh upon you.
Pain shoots through your body!
* * * LOW HITPOINT WARNING * * *
The orc priest hits you but does no damage.
You closely miss the orc priest.
The orc priest shouts, "Surrender to Beogh and we'll let you live!"
The orc priest is severely wounded.
The orc priest invokes the aid of Beogh against you.
Pain shoots through your body!
You die...

#.....#
###.....# #
.......# . #.
......####.#
.###
#.##..........#
...# #......
..!.. ###..
#...##..# .....#
#.....#
....[.####)@.###
#....#..o#.#
#........#o# .
#.....).##..
##..
#........##....
#......#.###.#
#...#........#
##
#..#.......### .
#......##....#


You could see 2 orc priests.

Vanquished Creatures
  Blork the orc (D:4)
  An iguana (D:3)
  3 adders (D:2)
  2 dart slugs (D:2)
  4 orcs
  4 ball pythons
  4 endoplasms
  A giant cockroach (D:2)
  6 hobgoblins
  3 jackals (D:1)
  6 quokkas
  6 bats
  2 frilled lizards
  2 goblins
  7 rats
52 creatures vanquished.

Notes
Turn   | Place    | Note
-------+----------+-------------------------------------------
     0 | D:1      | HotDog the Hill Orc Fighter began the quest for the Orb.
     0 | D:1      | Reached XP level 1. HP: 19/19 MP: 1/1
   215 | D:1      | Reached XP level 2. HP: 27/27 MP: 2/2
   422 | D:1      | Found a faded altar of an unknown god.
   695 | D:2      | Reached skill level 1 in Invocations
   695 | D:2      | Reached XP level 3. HP: 17/33 MP: 3/3
  1190 | D:2      | Reached XP level 4. HP: 25/40 MP: 3/5
  2306 | D:4      | Noticed Blork the orc
  2324 | D:4      | Killed Blork the orc
  2325 | D:4      | Reached skill level 1 in Dodging
  2325 | D:4      | Reached XP level 5. HP: 23/47 MP: 6/6
  2346 | D:4      | Killed from afar by an orc priest

Illustrated notes

Levels and vault maps discovered:
D:1:      lemuel_arrival_room, layout_rooms,
          dreamdust_ecumenical_altar_hidden_monk_grotto
D:2:      layout_basic, hex_intersection
D:3:      layout_rooms
D:4:      minmay_wonky_spiral, layout_rooms, gup_sewer_entry_spiral, uniq_ijyb,
          uniq_blork_the_orc

Skill      XL: |  1  2  3  4 |
---------------+-------------+-----
Axes           | 3 4 |  4.7
Fighting       | 4 |  4.4
Invocations    | 1 |  1.9
Armour         | 4 |  4.1
Dodging        | 1 |  1.0
Shields        | |  3.9

Action                   |  1- 3 |  4- 6 || total
-------------------------+-------+-------++-------
Melee: War axe           |    77 |    63 ||   140
  Use: Scroll            |       |     2 ||     2
       Potion            |       |     1 ||     1
Armor: Scale mail        |    36 |    23 ||    59
Dodge: Dodged            |    34 |    27 ||    61
Block: Buckler           |    15 |     5 ||    20
       Kite shield       |       |    19 ||    19

Table legend: (Time is in decaauts)
 A = Elapsed time spent in this place.
 B = Non-inter-level travel time spent in this place.
 C = Inter-level travel time spent in this place.
 D = Time resting spent in this place.
 E = Time spent auto-exploring this place.
 F = Levels seen in this place.
 G = Mean time per level.
                   A        B        C        D        E       F      G
               +--------+--------+--------+--------+--------+-----+--------+
         Total |   2401 |   2298 |    103 |    114 |   1741 |   4 |  600.2 |
       Dungeon |   2401 |   2298 |    103 |    114 |   1741 |   4 |  600.2 |
               +--------+--------+--------+--------+--------+-----+--------+

Top non-repeatable levels by time:
     D:2: 1198 daAuts
     D:3: 576 daAuts
     D:1: 546 daAuts
     D:4: 79 daAuts
